 Dungeon Crawl Stone Soup version 0.31.0-32-g396128a36d (webtiles) character file.

Game seed: 1592626148132431506

51 Killerpretzel the Changeling (level 3, 0/24 HPs)
             Began as an Octopode Shapeshifter on Mar 8, 2024.
             Incinerated by a bombardier beetle (4 damage)
             ... with a burning spray
             ... on level 3 of the Dungeon.
             The game lasted 00:01:58 (1767 turns).

Killerpretzel the Changeling (OpSh)                 Turns: 1767, Time: 00:01:59

Health: 0/24       AC:  1    Str: 13    XL:     3   Next: 81%
Magic:  3/3        EV: 13    Int: 12    God:
Gold:   75         SH:  0    Dex: 13    Spells: 2/2 levels left

rFire   . .          .
                       - Unarmed
rCold   . . .        (no shield)
rNeg    . . .        (helmet currently unavailable)
rPois   .            (no amulet)
rElec   .            s - ring of flight
rCorr   .            (no ring)
SInv    .            (no ring)
Will    .....        (no ring)
Stlth   +            (no ring)
HPRegen 0.24/turn    (no ring)
MPRegen 0.08/turn    (no ring)
                     (no ring)

%: no passive effects
@: on fire, beast-form, flying, glowing
A: beast (slay +2), almost no armour, amphibious, 8 rings, camouflage 1,
gelatinous body 1, (nimble swimmer 1), tentacles
a: Begin Untransformation


You were on level 3 of the Dungeon.
You were a hulking beast.
You visited 1 branch of the dungeon, and saw 3 of its levels.

You collected 75 gold pieces.

Inventory:

Missiles
 f - 6 stones (quivered)
 j - 4 poisoned darts
Jewellery
 k - an amulet of faith
 s - a ring of flight (left tentacle)
Talismans
 b - a beast talisman
 c - a flux talisman
Wands
 m - a wand of flame (17)
Scrolls
 n - 3 scrolls of identify
Potions
 a - a potion of lignification
 d - a potion of brilliance
 e - a potion of berserk rage {unknown}
 g - a potion of enlightenment {unknown}
 h - a potion of mutation {unknown}
 i - a potion of magic {unknown}
 q - a potion of resistance {unknown}
 t - a potion of curing {unknown}


   Skills:
 + Level 1.7 Fighting
 + Level 2.4 Dodging
 + Level 3.3 Unarmed Combat
 * Level 3.6 Shapeshifting


You had 2 spell levels left.
You didn't know any spells.
Your spell library contained the following spells:

 Spells                   Type           Power      Damage    Failure   Level
 Blink                    Tloc           0%         N/A       45%         2
 Lesser Beckoning         Tloc           0%         N/A       45%         2
 Momentum Strike          Conj/Tloc      0%         3d8       45%         2
 Hailstorm                Conj/Ice       0%         3d5       69%         3
 Summon Ice Beast         Ice/Summ       0%         N/A       69%         3
 Tukima's Dance           Hex            0%         N/A       69%         3
 Cause Fear               Hex            0%         N/A       97%         4
 Passage of Golubria      Tloc           0%         N/A       97%         4
 Fireball                 Conj/Fire      0%         3d3       100%        5
 Yara's Violent Unravell  Hex/Alch       0%         3d3       100%        5
 Sculpt Simulacrum        Ice/Alch       0%         N/A       100%        6
 Dragon's Call            Summ           0%         N/A       100%        9


Dungeon Overview and Level Annotations

Branches:
Dungeon (3/15)

Altars:


Innate Abilities, Weirdness & Mutations

You are a hulking beast.
Your limbs bulge with bestial killing power. (Slay +2)
You cannot wear most types of armour.
You are amphibious.
You can wear up to eight rings at the same time.
Your skin changes colour to match your surroundings (Stealth+).
Your rubbery body absorbs attacks. (AC +1, EV +1)
((You are camouflaged when in or above water. (Stealth+)))
You have tentacles for arms and can constrict up to eight enemies at once.


Message History

The stone closely misses the bombardier beetle.
You throw a stone.
The stone hits the bombardier beetle but does no damage.
The bombardier beetle is lightly wounded.
A bombardier beetle is nearby!
You throw a stone.
The stone closely misses the bombardier beetle.
You throw a stone.
The stone barely misses the bombardier beetle.
The bombardier beetle sprays incendiary fluid at you.
The burning spray hits you.
You are covered in liquid fire!
You throw a stone. The stone hits the bombardier beetle.
The bombardier beetle is lightly wounded.
The liquid fire burns you!
The bombardier beetle sprays incendiary fluid at you.
The burning spray hits you.
You are even more covered in liquid fire!
You are on fire!
You are too injured to fight recklessly!
You are too injured to fight recklessly!
You are too injured to fight recklessly!
You are on fire!
You shake off some of the fire as you move.
The liquid fire burns you!
You shake off some of the fire as you move.
The liquid fire burns you!
You shake off some of the fire as you move.
The liquid fire burns you!
You tentacle-slap the bombardier beetle.
You grab the bombardier beetle.
The bombardier beetle is heavily wounded.
The liquid fire burns you!
* * * LOW HITPOINT WARNING * * *
You constrict the bombardier beetle, but do no damage.
The bombardier beetle closely misses you.
You release your grip on the bombardier beetle.
You shake off some of the fire as you move.
The liquid fire burns you!
You die...

########## ######
#........# ###....####
#..?.....# ....##.##.#
#........#
..#......†###........#
......###............#
.##.......##.........#
....#.###.##...Bh....#
#####........#....####
# ##....####.#### #
.#### .... # ..#
#.##.. # ## #. .## ...
# ... ....


You could see a bombardier beetle.

Vanquished Creatures
  A dart slug (D:1)
  2 ribbon worms (D:2)
  5 ball pythons
  6 endoplasms
  7 goblins
  2 hobgoblins
  2 quokkas
  6 bats
  5 kobolds
  5 rats
  A spectral kobold (D:1)
42 creatures vanquished.

Notes
Turn   | Place    | Note
-------+----------+-------------------------------------------
     0 | D:1      | Killerpretzel the Octopode Shapeshifter began the quest for
                  | the Orb.
     0 | D:1      | Reached XP level 1. HP: 13/13 MP: 1/1
   113 | D:1      | Reached XP level 2. HP: 9/18 MP: 2/2
   170 | D:1      | Found a faded altar of an unknown god.
   683 | D:2      | Reached XP level 3. HP: 23/23 MP: 3/3
   918 | D:2      | Found the +0 toga "Victory" {*Victory Clar}
  1767 | D:3      | Incinerated by a bombardier beetle

Illustrated notes

Levels and vault maps discovered:
D:1:      dpeg_arrival_castle, layout_rooms,
          dreamdust_ecumenical_altar_drowned_temple
D:2:      layout_basic, minmay_splitting_lines
D:3:      layout_basic, okawaru_trees_2, serial_bayou_pond_e, st_stairs_12

Action                     || total
---------------------------++-------
  Melee: Unarmed           ||    68
         Constrict         ||    14
         Tentacles         ||     9
         Punch             ||     1
  Throw: Stone             ||    19
    Use: Scroll            ||     9
   Stab: Sleeping          ||     3
 Armour: Skin              ||    29
  Dodge: Dodged            ||    37
